 Dungeon Crawl Stone Soup version 0.29.1-13-g9f3cf754e1 (webtiles) character file.

Game seed: 8751711774961037151

701939 Amplified the Invulnerable (level 27, 0/273 HPs)
             Began as a Minotaur Fighter on Feb 3, 2023.
             Was the Champion of Sif Muna.
             Slain by a Killer Klown
             ... wielding a +11 club of freezing
              (24 damage)
             ... on level 5 of the Realm of Zot on Feb 6, 2023.
             The game lasted 03:14:11 (71985 turns).

Amplified the Invulnerable (Minotaur Fighter)      Turns: 71985, Time: 03:14:11

Health: 0/273      AC: 27    Str: 33 (34) XL:     27
Magic:  46/51      EV: 12    Int: 27      God:    Sif Muna [******]
Gold:   3741       SH: 17    Dex:  7      Spells: 38/58 levels left

rFire   + + +      SeeInvis +   I - +9 broad axe (vorpal)
rCold   + + .      Faith    .   H - +5 kite shield
rNeg    + + .      Spirit   .   S - +6 scale mail "Kudiwk" {Contam rF+++ Regen+ Int+4}
rPois   +          Reflect  .   (helmet unavailable)
rElec   +          Harm     .   Y - +2 cloak {Will+}
rCorr   +          Rampage  .   v - +2 pair of gloves {Str+3}
Will    ++++.      Rage     3%  b - +0 pair of boots of Misanthropy {MP+9 Str+4 Int+4}
Stlth   ..........              M - amulet "Nuilall" {rC+ Regen+ Str+3}
HPRegen 2.15/turn               e - ring of Xuna {rN+ Int+2 SInv}
MPRegen 0.32/turn               Z - ring of Woll {rElec rN+ Will+ rCorr Slay+2}

@: resistant, hasted, studying Staves, very quick
A: horns 3, retaliatory headbutt, berserk 1, clever 1, clumsy 2, deformed body,
deterioration 1
}: 5/15 runes: barnacled, slimy, silver, abyssal, gossamer
a: Renounce Religion, Channel Magic, Forget Spell, Divine Exegesis


You were on level 5 of the Realm of Zot.
You worshipped Sif Muna.
Sif Muna was exalted by your worship.
You visited 12 branches of the dungeon, and saw 56 of its levels.
You visited the Abyss 2 times.
You visited 2 bazaars.
You also visited: Trove, Gauntlet and Wizlab.

You collected 9115 gold pieces.
You spent 5374 gold pieces at shops.

Inventory:

Hand Weapons
 s - the +11 bardiche of Devotion {speed, Stlth+}
   (You bought it in a shop in a bazaar)

   Attacks with this weapon are significantly faster.
   Stlth:     It makes you more stealthy.
 B - the +4 broad axe "Kidiag Duna" {pain, rPois SInv}
   (You took it off a deep elf death mage on level 3 of the Elven Halls)

   In the hands of one skilled in necromantic magic, it inflicts extra damage on
   living creatures.
   rPois:     It protects you from poison.
   SInv:      It lets you see invisible.
 I - a +9 vorpal broad axe (weapon)
 V - the +9 lajatang "Posol" {drain, Will- rCorr Int+2 Stlth+}
   (You took it off a minotaur in a Gauntlet)

   A truly terrible weapon, it drains the life of any living foe it strikes.
   Int:       It affects your intelligence (+2).
   rCorr:     It protects you from acid and corrosion.
   Will:      It decreases your willpower.
   Stlth:     It makes you more stealthy.
Missiles
 g - 2 throwing nets (quivered)
Armour
 b - the +0 pair of boots of Misanthropy (worn) {MP+9 Str+4 Int+4}
   (You found it on level 3 of the Elven Halls)

   Str:       It affects your strength (+4).
   Int:       It affects your intelligence (+4).
   MP:        It affects your magic capacity (+9).
 f - a +3 buckler of positive energy
 n - the +1 cloak of the Arcane {rElec Slay+3}
   (You found it on level 3 of the Elven Halls)

   Slay:      It affects your accuracy & damage with ranged weapons and melee
   (+3).
   rElec:     It insulates you from electricity.
 u - the +8 orange crystal plate armour {Archmagi, Int+3 Clar}
   (You found it on level 3 of the Dungeon)

   Int:       It affects your intelligence (+3).
   Clar:      It protects you against confusion.
 v - a +2 pair of gloves of strength (worn)
 F - the +5 chain mail of the Soldier {rF+ Will+ Int+5 Dex+3}
   (You bought it in a shop on level 1 of the Depths)

   Int:       It affects your intelligence (+5).
   Dex:       It affects your dexterity (+3).
   rF:        It protects you from fire.
   Will:      It increases your willpower.
 H - a +5 kite shield (worn)
 S - the +6 scale mail "Kudiwk" (worn) {Contam rF+++ Regen+ Int+4}
   (You found it on level 3 of the Elven Halls)

   Int:       It affects your intelligence (+4).
   rF:        It renders you almost immune to fire.
   Contam:    It causes magical contamination when unequipped.
   Regen:     It increases your rate of health regeneration.
 Y - a +2 cloak of willpower (worn)
Jewellery
 e - the ring of Xuna (left hand) {rN+ Int+2 SInv}
   (You found it on level 3 of the Crypt)

   [ring of positive energy]

   Int:       It affects your intelligence (+2).
   rN:        It protects you from negative energy.
   SInv:      It lets you see invisible.
 t - a ring of poison resistance
 z - a ring of the Octopus King {rF+ HP+2 AC+2 EV+2 SH+2}
   (You found it on level 3 of the Depths)

   [ring of protection from fire]

   AC:        It affects your AC (+2).
   EV:        It affects your evasion (+2).
   rF:        It protects you from fire.
   HP:        It affects your health (+2).
   SH:        It affects your SH (+2).
 G - the ring of Fifyvum {Fly rF+ MP+9 Str-3 Int+8}
   (You found it on level 2 of the Shoals)

   [ring of protection from fire]

   Str:       It affects your strength (-3).
   Int:       It affects your intelligence (+8).
   rF:        It protects you from fire.
   MP:        It affects your magic capacity (+9).
   Fly:       It grants you flight.
 M - the amulet "Nuilall" (around neck) {rC+ Regen+ Str+3}
   (You found it in a treasure trove)

   [amulet of regeneration]

   Str:       It affects your strength (+3).
   rC:        It protects you from cold.
   Regen:     It increases your rate of health regeneration.
 W - the ring of Ehaf {rC+ rCorr SInv}
   (You found it in a Gauntlet)

   [ring of see invisible]

   rC:        It protects you from cold.
   SInv:      It lets you see invisible.
   rCorr:     It protects you from acid and corrosion.
 X - the ring "Ciefog" {rElec rN+ Str+3 Dex-5}
   (You found it in a treasure trove)

   [ring of positive energy]

   Str:       It affects your strength (+3).
   Dex:       It affects your dexterity (-5).
   rElec:     It insulates you from electricity.
   rN:        It protects you from negative energy.
 Z - the ring of Woll (right hand) {rElec rN+ Will+ rCorr Slay+2}
   (You found it on level 3 of the Crypt)

   [ring of positive energy]

   Slay:      It affects your accuracy & damage with ranged weapons and melee
   (+2).
   rElec:     It insulates you from electricity.
   rN:        It protects you from negative energy.
   rCorr:     It protects you from acid and corrosion.
   Will:      It increases your willpower.
Wands
 c - a wand of mindburst (17)
 w - a wand of iceblast (40)
 x - a wand of light (12)
 y - a wand of digging (19)
 A - a wand of paralysis (33)
 C - a wand of polymorph (6)
 E - a wand of flame (13)
Scrolls
 h - 13 scrolls of amnesia
 k - 6 scrolls of fear
 p - 12 scrolls of butterflies
 N - 5 scrolls of enchant armour
 P - a scroll of silence
 Q - 2 scrolls of magic mapping
 T - 3 scrolls of enchant weapon
Potions
 i - 14 potions of lignification
 l - 4 potions of mutation
 m - 6 potions of brilliance
 q - 7 potions of ambrosia
 r - 5 potions of magic
 D - 6 potions of curing
 J - 2 potions of haste
 O - 8 potions of flight
Miscellaneous
 a - a piece from Xom's chessboard (15/15)
 o - a phantom mirror
 R - a phial of floods
 U - a condenser vane (inert)


   Skills:
 O Level 27 Fighting
 - Level 2.7 Long Blades
 - Level 18.4 Axes
 O Level 27 Armour
 * Level 10.6 Dodging
 - Level 15.0 Shields
 - Level 16.3 Spellcasting
 - Level 13.0 Conjurations
 - Level 10.0 Necromancy
 - Level 2.4 Translocations
 - Level 3.2 Transmutations
 - Level 4.9 Fire Magic
 * Level 9.3 Air Magic
 - Level 3.2 Earth Magic
 - Level 5.0 Poison Magic
 - Level 3.2 Invocations


You had 38 spell levels left.
You knew the following spells:

 Your Spells              Type           Power      Damage    Failure   Level
a - Necrotise             Necr           100%       1d9       1%          1
b - Blink                 Tloc           70%        N/A       3%          2
c - Mephitic Cloud        Conj/Pois/Air  63%        N/A       1%          3
d - Ignite Poison         Fire/Tmut/Pois 45%        N/A       2%          3
e - Dispel Undead         Necr           66%        3d23      1%          4
f - Passwall              Tmut/Erth      32%        N/A       1%          2
g - Freezing Cloud        Conj/Ice/Air   29%        6-21      7%          5

Your spell library contained the following spells:

 Spells                   Type           Power      Damage    Failure   Level
 Apportation              Tloc           70%        N/A       1%          1
 Beastly Appendage        Tmut           78%        N/A       1%          1
 Foxfire                  Conj/Fire      100%       2x1d9     1%          1
 Magic Dart               Conj           100%       1d8       1%          1
 Sandblast                Erth           78%        2d17      1%          1
 Shock                    Conj/Air       100%       1d9       1%          1
 Sting                    Tmut/Pois      100%       1d8       1%          1
 Poisonous Vapours        Pois/Air       100%       N/A       1%          2
 Scorch                   Fire           96%        2d10      1%          2
 Searing Ray              Conj           100%       2d8       1%          2
 Static Discharge         Conj/Air       70%        3-12/arc  1%          2
 Sublimation of Blood     Necr           66%        N/A       1%          2
 Wereblood                Tmut           39%        N/A       1%          2
 Conjure Flame            Conj/Fire      63%        6-21      1%          3
 Dazzling Flash           Conj/Hex       100%       N/A       1%          3
 Stone Arrow              Conj/Erth      100%       3d13      1%          3
 Swiftness                Air            64%        N/A       1%          3
 Vampiric Draining        Necr           66%        2d10      1%          3
 Airstrike                Air            32%        2d(5-21)  1%          4
 Animate Dead             Necr           66%        N/A       1%          4
 Corpse Rot               Necr/Pois/Air  60%        N/A       1%          4
 Flame Wave               Conj/Fire      63%        2d15      1%          4
 Sticky Flame             Conj/Fire      63%        2d8       1%          4
 Iskenderun's Battlesphe  Conj           75%        2d12      1%          5
 Lightning Bolt           Conj/Air       35%        1d53      1%          5
 Iskenderun's Mystic Bla  Conj/Tloc      59%        2d12      2%          4
 Agony                    Necr           66%        N/A       2%          5
 Spider Form              Tmut/Pois      44%        N/A       3%          3
 Fulminant Prism          Conj/Hex       27%        3d14      3%          4
 Hailstorm                Conj/Ice       54%        3d12      3%          4
 Fireball                 Conj/Fire      31%        3d13      3%          5
 Freeze                   Ice            88%        1d10      5%          1
 Slow                     Hex            88%        N/A       5%          1
 Summon Small Mammal      Summ           88%        N/A       5%          1
 Irradiate                Conj/Tmut      30%        3d21      5%          5
 Gell's Gravitas          Tloc           35%        N/A       6%          3
 Inner Flame              Hex/Fire       35%        N/A       6%          3
 Lesser Beckoning         Tloc           35%        N/A       6%          3
 Teleport Other           Tloc           35%        N/A       6%          3
 Anguish                  Hex/Necr       24%        N/A       7%          4
 Olgreb's Toxic Radiance  Pois           49%        N/A       7%          4
 Summon Lightning Spire   Summ/Air       47%        N/A       8%          4
 Call Imp                 Summ           22%        N/A       9%          2
 Ensorcelled Hibernation  Hex/Ice        44%        N/A       9%          2
 Conjure Ball Lightning   Conj/Air       35%        3x3d11    9%          6
 Portal Projectile        Hex/Tloc       56%        N/A       10%         3
 Borgnjor's Vile Clutch   Necr/Erth      27%        N/A       10%         5
 Death Channel            Necr           33%        N/A       13%         6
 Petrify                  Tmut/Erth      39%        N/A       14%         4
 Call Canine Familiar     Summ           22%        N/A       16%         3
 Confusing Touch          Hex            22%        N/A       16%         3
 Frozen Ramparts          Ice            44%        1d7       16%         3
 Ozocubu's Armour         Ice            22%        N/A       16%         3
 Summon Guardian Golem    Hex/Summ       22%        N/A       16%         3
 Tukima's Dance           Hex            22%        N/A       16%         3
 Passage of Golubria      Tloc           35%        N/A       19%         4
 Starburst                Conj/Fire      31%        6d10      21%         6
 Silence                  Hex/Air        23%        N/A       22%         5
 Orb of Destruction       Conj           37%        9d11      22%         7
 Animate Armour           Summ/Erth      60%        N/A       26%         4
 Ice Form                 Ice/Tmut       30%        N/A       26%         4
 Leda's Liquefaction      Hex/Erth       15%        N/A       26%         4
 Alistair's Intoxication  Tmut/Pois      29%        N/A       26%         5
 Iron Shot                Conj/Erth      30%        9d6       28%         6
 Blade Hands              Tmut           19%        N/A       36%         5
 Lee's Rapid Deconstruct  Erth           19%        3d12*     36%         5
 Cause Fear               Hex            11%        N/A       47%         4
 Summon Ice Beast         Ice/Summ       22%        N/A       47%         4
 Manifold Assault         Tloc           35%        N/A       47%         5
 Yara's Violent Unravell  Hex/Tmut       15%        3d8       58%         5
 Summon Forest            Summ/Tloc      14%        N/A       65%         5
 Simulacrum               Ice/Necr       24%        N/A       71%         6
 Metabolic Englaciation   Hex/Ice        11%        N/A       83%         5
 Summon Mana Viper        Hex/Summ       22%        N/A       83%         5
 Eringya's Noxious Bog    Tmut/Pois      22%        N/A       83%         6
 Statue Form              Tmut/Erth      26%        N/A       91%         6
 Dispersal                Tloc           17%        N/A       96%         6
 Spellforged Servitor     Conj/Summ      27%        N/A       97%         7
 Storm Form               Tmut/Air       27%        N/A       98%         7
 Haunt                    Necr/Summ      24%        N/A       99%         7
 Borgnjor's Revivificati  Necr           33%        N/A       99%         8
 Infestation              Necr           33%        N/A       99%         8
 Summon Cactus Giant      Summ           11%        N/A       100%        6
 Dragon Form              Tmut           19%        N/A       100%        7
 Enfeeble                 Hex            11%        N/A       100%        7
 Malign Gateway           Summ/Tloc      14%        N/A       100%        7
 Monstrous Menagerie      Summ           11%        N/A       100%        7
 Ozocubu's Refrigeration  Ice            11%        4d9       100%        7
 Summon Hydra             Summ           11%        N/A       100%        7
 Discord                  Hex            11%        N/A       100%        8
 Disjunction              Tloc           17%        N/A       100%        8
 Ignition                 Fire           24%        3d8       100%        8
 Lehudib's Crystal Spear  Conj/Erth      30%        10d8      100%        8
 Maxwell's Capacitive Co  Air            32%        ∞         100%        8
 Necromutation            Tmut/Necr      27%        N/A       100%        8
 Summon Horrible Things   Summ           11%        N/A       100%        8
 Chain Lightning          Conj/Air       35%        3d46      100%        9
 Death's Door             Necr           33%        N/A       100%        9
 Dragon's Call            Summ           11%        N/A       100%        9
 Fire Storm               Conj/Fire      31%        8d8       100%        9
 Polar Vortex             Ice            11%        N/A       100%        9
 Shatter                  Erth           19%        3d18*     100%        9


Dungeon Overview and Level Annotations

Branches:
Dungeon (15/15)            Temple (1/1) D:4            Lair (5/5) D:11
 Shoals (4/4) Lair:3       Spider (4/4) Lair:3        Slime (5/5) Lair:4
    Orc (2/2) D:12            Elf (3/3) Orc:2        Vaults (5/5) D:13
  Crypt (3/3) Vaults:3       Tomb (0/3) Crypt:3      Depths (4/4) D:15
    Zot (5/5) Depths:4     WizLab (visited)         Gauntlet (visited)

Altars:
Ashenzari
Dithmenos
Elyvilon
Fedhas
Hepliaklqana
Kikubaaqudgha
Nemelex Xobeh
Okawaru
Qazlal
Ru
Sif Muna
Trog
Uskayaw
Vehumet
Wu Jian
Yredelemnul
Zin
The Shining One
Jiyva

Shops:
D:2 [   D:8 (   D:13 ?   D:14 *[[=[   Orc:2 ***:(   Elf:2 (   Elf:3 :[:
Depths:1 [!   Depths:2 *=   Depths:3 =:=

Portals:
Hell: Depths:1 Depths:2 Depths:3 Depths:4
Abyss: Depths:2 Depths:3
Pandemonium: Depths:2 Depths:4
Ziggurat: Depths:4

Annotations:
D:3 1 runed translucent door, Descartes's ghost, amateur DEEE
Lair:3 3 runed translucent doors, Qaoshrut's ghost, journeyman DEEE
Spider:2 Bai Shuzen staris, Bai Suzhen
Crypt:2 Arphir's ghost, veteran GrEE; Bunoc's ghost, veteran FoFi; Zoalos's ghost, veteran GrEE
Zot:1 Tiamat


Innate Abilities, Weirdness & Mutations

You have a pair of large horns on your head.
You reflexively headbutt those who attack you in melee.
You sometimes lose your temper in combat.
Your mind is acute. (Int +4, Str/Dex -1)
You are very clumsy. (Dex -4)
Armour fits poorly on your strangely shaped body.
Your body sometimes deteriorates upon taking damage.


Message History

The Orb Guardian is engulfed in poison gas.
The Orb Guardian looks even sicker.
The Orb Guardian is engulfed in poison gas.
The Orb Guardian looks even sicker.
The Orb Guardian looks as sick as possible!
The Killer Klown is engulfed in poison gas.
The Killer Klown looks even sicker.
You block the Killer Klown's attack.
Unknown command.
Unknown command.
Unknown command.
Unknown command.
Unknown command.
You slice the Orb Guardian!!
You kill the Orb Guardian!
Sif Muna accepts your kill.
You open the Killer Klown like a pillowcase!!!
You slice the orb of fire!! You closely miss the orb of fire.
You barely miss the Orb Guardian.
You kill the Orb Guardian!
Sif Muna accepts your kill.
The Killer Klown is engulfed in poison gas.
The Killer Klown looks as sick as possible!
The Orb Guardian is engulfed in poison gas.
The Orb Guardian looks as sick as possible!
The Orb Guardian is engulfed in poison gas.
The Orb Guardian looks as sick as possible!
The Orb Guardian is engulfed in poison gas.
The Orb Guardian looks as sick as possible!
Unknown command.
Unknown command.
Unknown command.
Unknown command.
You closely miss the orb of fire. Your headbutt misses the orb of fire.
The orb of fire is moderately damaged.
You slice the Killer Klown!! You completely miss the orb of fire.
You hit the Orb Guardian but do no damage.
The Killer Klown is engulfed in poison gas.
The Killer Klown looks as sick as possible!
The Killer Klown squeezes you with a +11 club of freezing!!
You die...

#######..)###^......)..).......#*
##.L.)##.......X........#*
###.[.^....X.Xp)......#*
#▓▓▓▓▓▓▓▓▓▓▓##§)..^▓▓
▓▓▓▓....[§§§§☼....^▓*
##▓.......§§☼§§§......▓*
##...^.....§p§§.........▓* ******
#........§*§§§........^..*
,,.,,**▓......^.@*XX............*
,,...,*▓....^..§pX§§........^..▓*
,,.....▓.......§§§...^........▓▓
,0.....§.......§§○...........▓▓
,^....X▓..........^...........**
,.....▓▓..^.......^.........,,,**
,....▓*▓.........^.........,,,,,*
*▓▓▓▓* ▓^..................,,,,,*
▓▓..................,,,,**


You could see 2 orbs of fire, 2 Killer Klowns and 3 Orb Guardians.

Vanquished Creatures
  the Royal Jelly (Slime:5)
  3 dread liches
  2 ancient liches (Zot:5)
  2 orbs of fire
  A royal mummy (Crypt:3)
  The ghost of Osipn the Impregnable, a veteran MiGl of Hepliaklqana (Crypt:2)
  Margery (Vaults:5)
  Boris (Vaults:5)
  5 Killer Klowns
  A shard shrike (Zot:4)
  The ghost of rrossfarrar the Hoplite, a veteran BaFi of Cheibriados (Crypt:2)
  The ghost of Hali the Executioner, a veteran FoFi of Dithmenos (Crypt:2)
  The ghost of Woadakig the Executioner, a veteran FoFi of Dithmenos (Crypt:1)
  4 caustic shrikes (Depths:4)
  6 golden dragons
  2 curse toes (Zot:5)
  2 profane servitors (Crypt:3)
  6 bone dragons
  A golden dragon (shapeshifter) (Vaults:5)
  Arachne (Spider:3)
  The ghost of Kucw the Warrior, an adept GrFi of Cheibriados (Crypt:2)
  A shard shrike zombie (Crypt:3)
  12 tentacled monstrosities
  3 electric golems
  21 Orb Guardians (Zot:5)
  2 deep elf master archers (Elf:3)
  3 liches
  3 deep elf blademasters
  3 titans
  A walking frostbound tome (Depths:4)
  17 acid blobs
  5 ancient champions
  4 death cobs
  4 quicksilver dragons
  Polyphemus (Shoals:4)
  8 sphinxes
  Kirke (Spider:4)
  8 tentacled starspawn
  The ghost of Meurheor the Brawler, an adept TrMo of Nemelex Xobeh (Depths:1)
  The ghost of jaiteiro the Unforgettable, an adept GnCj of Hepliaklqana (Elf:3)
  10 storm dragons
  6 revenants
  6 shadow dragons
  Ilsuiw (Shoals:2)
  2 draconian monks
  3 draconian knights
  Donald (Vaults:1)
  10 tengu reavers
  6 emperor scorpions
  14 frost giants
  9 rockslimes
  9 azure jellies
  5 deep elf sorcerers
  A spectral juggernaut (Depths:1)
  8 fire giants
  3 caustic shrike zombies
  An iron dragon (Vaults:5)
  7 draconian scorchers
  An orc warlord (Vaults:3)
  15 vault wardens
  3 nagarajas (WizLab)
  7 ghost moths
  3 draconian shifters
  4 curse skulls
  15 ghouls
  A broodmother (shapeshifter) (Vaults:5)
  2 draconian annihilators
  A spriggan defender (Depths:3)
  4 deep elf elementalists (Elf:3)
  14 ironbound preservers
  8 quicksilver oozes
  A caustic shrike skeleton (Crypt:2)
  2 draconian stormcallers
  4 demonspawn corrupters (WizLab)
  22 very ugly things
  A spectral caustic shrike (Depths:1)
  A broodmother (Spider:3)
  10 stone giants
  3 war gargoyles
  7 vampire knights
  Nessos (D:14)
  6 ironbound thunderhulks
  8 dire elephants
  2 eleionomae (Shoals:3)
  5 black draconians
  A minotaur (Gauntlet)
  3 green draconians
  12 entropy weavers
  8 deep elf demonologists
  10 deep elf annihilators
  6 white draconians
  4 spark wasps
  13 red draconians
  6 purple draconians
  3 yellow draconians
  13 eidola
  A spectral quicksilver dragon (Depths:1)
  13 ettins
  16 deep elf death magi
  5 fire dragons
  14 merfolk impalers
  5 jiangshi (Crypt:1)
  6 deep elf high priests
  6 merfolk javelineers
  8 great orbs of eyes
  20 yaktaur captains
  3 quicksilver dragon zombies (Crypt:3)
  45 vault guards
  5 spriggan zombies
  A quicksilver dragon skeleton (Crypt:2)
  12 ice dragons
  6 boulder beetles
  A peacekeeper (Vaults:3)
  Erolcha (Orc:2)
  3 spectral tengu (Depths:1)
  4 hydras
  2 alligator snapping turtles (Shoals:4)
  19 centaur warriors
  5 rakshasas
  2 merfolk avatars (Shoals:1)
  A spectral sphinx (Depths:1)
  2 ogre magi (D:15)
  A radroach (Spider:3)
  A spriggan skeleton (Crypt:1)
  7 merfolk aquamancers
  8 ironbound frosthearts
  3 death knights
  6 satyrs
  A radroach (shapeshifter) (Vaults:5)
  3 catoblepae
  4 tengu warriors
  5 deep troll earth magi
  A two-headed ogre (shapeshifter) (Vaults:5)
  10 two-headed ogres
  5 deep troll shamans
  11 vampire magi
  12 death yaks
  4 thrashing horrors
  2 orc high priests
  A titan zombie (Crypt:1)
  32 dancing weapons
  Urug (Orc:1)
  Sonja (Lair:2)
  3 soul eaters
  A spectral storm dragon (Depths:1)
  22 deep elf knights
  A storm dragon zombie (Crypt:3)
  19 hell knights
  3 wretched stars
  8 pharaoh ants
  3 sun moths
  6 iron trolls
  46 deep trolls
  43 skeletal warriors
  7 glowing orange brains
  10 steelbarb worms
  A kraken simulacrum (Shoals:2)
  A spriggan druid (WizLab)
  14 sea snakes
  An anaconda zombie (Crypt:2)
  A bog body (Crypt:1)
  A swamp dragon (WizLab)
  28 phantasmal warriors
  A golden dragon skeleton (Crypt:2)
  11 orb spiders
  7 flayed ghosts
  A spriggan simulacrum (Depths:1)
  An orange crystal statue (Vaults:3)
  20 starcursed masses
  12 ironbound convokers
  A lindwurm (shapeshifter) (D:15)
  7 orc knights
  15 wizards
  17 deep elf archers
  32 deep elf zephyrmancers
  12 lindwurms
  14 harpies
  19 wolf spiders
  16 necromancers
  30 deep elf pyromancers
  29 fauns
  2 orc sorcerers
  2 shining eyes
  14 manticores
  24 moths of wrath
  A dire elephant zombie (Crypt:3)
  An iron dragon skeleton (Crypt:2)
  36 ugly things
  3 worldbinders (WizLab)
  10 elephants
  3 black mambas
  3 apocalypse crabs
  An elephant (shapeshifter) (Vaults:4)
  10 merfolk sirens
  2 guardian serpents (Abyss:2)
  A titan simulacrum (Depths:1)
  3 smoke demons
  11 centaur zombies
  2 gargoyles
  15 water nymphs
  A stone giant skeleton (Vaults:3)
  3 eyes of devastation
  An eye of devastation (shapeshifter) (Vaults:5)
  18 vault sentinels
  6 torpor snails
  7 cane toads
  A torpor snail (shapeshifter) (D:12)
  An alligator snapping turtle zombie (Crypt:3)
  4 rime drakes
  2 efreet
  A yellow draconian zombie (Crypt:2)
  45 yaktaurs
  7 centaur skeletons (D:14)
  5 komodo dragons
  8 demonic crawlers
  A minotaur zombie (Crypt:3)
  A swamp worm zombie (Crypt:2)
  A catoblepas skeleton (Crypt:1)
  7 freezing wraiths
  A golden dragon simulacrum (Depths:1)
  7 tengu conjurers
  A spectral glowing shapeshifter (Depths:1)
  5 ancient zymes
  3 harpy zombies (Crypt:3)
  A silent spectre (Abyss:4)
  2 polar bears
  4 meliai
  27 merfolk
  A queen bee (shapeshifter) (D:13)
  2 meliai (shapeshifter)
  A harpy skeleton (D:14)
  7 trolls
  A tarantella (shapeshifter) (Vaults:5)
  9 wind drakes
  2 hydra skeletons (Crypt:2)
  10 blink frogs (Lair:4)
  28 tarantellas
  133 slime creatures
  6 snapping turtles
  3 raiju
  A fire dragon zombie (Crypt:3)
  7 hornets
  A sphinx simulacrum (Depths:1)
  A great orb of eyes zombie (Crypt:1)
  A dream sheep (Shoals:3)
  An iron dragon simulacrum (Depths:1)
  10 large abominations
  12 air elementals
  An ettin skeleton (Abyss:4)
  4 flying skulls (D:14)
  32 jumping spiders
  A satyr skeleton (Crypt:1)
  2 shadows
  A black mamba zombie (Crypt:3)
  24 water elementals
  10 wraiths
  A vampire (D:12)
  22 humans (D:13)
  28 culicivoras
  5 ynoxinuls
  A slime creature zombie (Crypt:1)
  22 yaks
  A steam dragon (D:8)
  3 fire elementals
  A hog (Spider:4)
  5 wyverns
  4 basilisks
  2 chaos spawn (Abyss:4)
  4 fire bats (Abyss:2)
  15 golden eyes
  2 sea snake simulacra (Shoals:2)
  5 death yak simulacra (Shoals:2)
  Eustachio (D:5)
  2 elf skeletons (Vaults:3)
  2 neqoxecs
  59 redbacks
  A warg (shapeshifter) (D:15)
  5 wargs
  11 vampire mosquitoes
  A harpy simulacrum (Shoals:2)
  Edmund (D:5)
  15 small abominations
  2 acid dragons
  2 hydra simulacra (Zot:4)
  A merfolk skeleton (Crypt:1)
  41 orc warriors
  11 water moccasins
  A glowing shapeshifter skeleton (Crypt:2)
  4 floating eyes
  A black bear (shapeshifter) (D:14)
  5 black bears
  2 human zombies (Vaults:3)
  A swamp drake (shapeshifter) (Abyss:2)
  A hornet zombie (D:14)
  3 satyr simulacra (Shoals:2)
  12 wolves
  A snapping turtle zombie (Crypt:2)
  25 centaurs
  8 ogres
  A lindwurm skeleton (Crypt:2)
  3 phantoms
  2 kobold brigands
  5 bullfrogs
  17 necrophages
  A gnoll sergeant (D:8)
  A merfolk simulacrum (Shoals:2)
  2 naga simulacra
  3 faun simulacra (Shoals:2)
  3 earth elementals
  6 scorpions
  11 wights
  A queen bee zombie (Crypt:1)
  6 wyvern skeletons (Crypt:3)
  A warg zombie (Crypt:1)
  3 manticore simulacra (Shoals:2)
  3 snapping turtle simulacra (Shoals:2)
  10 killer bees
  5 howler monkeys
  5 electric eels
  3 jellies
  3 quasits (Abyss:2)
  A bullfrog zombie (Crypt:2)
  6 hounds
  8 orc priests
  3 iron imps
  A cyclops simulacrum (Shoals:2)
  Terence (D:3)
  4 iguanas
  19 orc wizards
  A boggart skeleton (D:14)
  A centaur simulacrum (Shoals:2)
  2 ogre zombies (Orc:1)
  A deep dwarf skeleton (Crypt:2)
  3 mummies (Crypt:3)
  An orc zombie (Orc:1)
  12 adders
  8 gnolls
  An adder (shapeshifter) (Vaults:5)
  7 shadow imps
  4 white imps
  7 ufetubi
  3 worms
  3 dart slugs
  55 orcs
  3 bats
  11 endoplasms
  13 goblins
  15 hobgoblins
  13 jackals
  16 kobolds
  6 ball pythons
  A butterfly zombie (Crypt:2)
  3 frilled lizards
  4 rats (D:1)
  A bush (Abyss:2)
  2 lurking horrors (Abyss:2)
  14 starspawn tentacles
  3 withered plants (Crypt:3)
2583 creatures vanquished.

Vanquished Creatures (collateral kills)
  An Orb Guardian (Zot:5)
  An acid blob (Slime:5)
  Aizul (Vaults:3)
  A boulder beetle (Spider:3)
  A radroach (Spider:3)
  2 hell knights (Depths:2)
  An orb spider (Spider:3)
  2 manticores (Shoals:1)
  A faun (Shoals:1)
  A cyclops (Shoals:3)
  A merfolk siren (Shoals:1)
  A water nymph (Shoals:3)
  A wind drake (Shoals:1)
  A slime creature (Slime:5)
  A snapping turtle (Shoals:3)
  A dream sheep (Shoals:3)
  A jumping spider (Spider:3)
19 creatures vanquished.

Vanquished Creatures (others)
  A deep elf sorcerer (WizLab)
  A yaktaur captain (Vaults:3)
  3 deep elf knights (Elf:2)
  A deep elf zephyrmancer (Elf:1)
  A tarantella (Spider:1)
  A wind drake (shapeshifter) (Elf:3)
  3 humans (Spider:4)
  An ufetubus (Abyss:2)
  A quokka (Depths:1)
  A bush (Abyss:4)
  4 demonic plants (Abyss:2)
  11 fungi
  A lurking horror (Abyss:4)
  87 plants
  14 starspawn tentacles
  29 withered plants
160 creatures vanquished.

Grand Total: 2762 creatures vanquished

Notes
Turn   | Place    | Note
-------+----------+-------------------------------------------
     0 | D:1      | Amplified the Minotaur Fighter began the quest for the Orb.
     0 | D:1      | Reached XP level 1. HP: 19/19 MP: 0/0
   134 | D:1      | Reached XP level 2. HP: 27/27 MP: 1/1
   481 | D:1      | Reached skill level 1 in Axes
   689 | D:1      | Reached XP level 3. HP: 33/33 MP: 2/2
   941 | D:2      | Found a faded altar of an unknown god.
  1294 | D:2      | Found Hezxecuf's Armour Emporium.
  1585 | D:3      | Reached XP level 4. HP: 41/41 MP: 3/3
  1756 | D:3      | Found a runed translucent door.
  1757 | D:3      | Noticed Descartes's ghost (amateur DEEE)
  1886 | D:3      | Noticed Terence
  1896 | D:3      | Killed Terence
  2073 | D:3      | Found the +8 orange crystal plate armour {Archmagi, Int+3
                  | Clar}
  2521 | D:4      | Noticed a scorpion
  2606 | D:4      | Killed a scorpion
  2607 | D:4      | Reached skill level 5 in Fighting
  2607 | D:4      | Reached skill level 5 in Shields
  2607 | D:4      | Reached XP level 5. HP: 43/48 MP: 4/4
  2667 | D:4      | Found a staircase to the Ecumenical Temple.
  2681 | Temple   | Entered the Ecumenical Temple
  2727 | Temple   | Became a worshipper of Sif Muna the Loreminder
  2753 | D:4      | Reached XP level 6. HP: 52/56 MP: 5/5
  3330 | D:5      | Entered Level 5 of the Dungeon
  3334 | D:5      | Noticed a yak
  3390 | D:5      | Noticed Edmund
  3397 | D:5      | Killed Edmund
  3398 | D:5      | Reached XP level 7. HP: 37/64 MP: 6/6
  3404 | D:5      | Reached * piety under Sif Muna
  3405 | D:5      | Reached skill level 5 in Axes
  3447 | D:5      | Noticed Eustachio
  4659 | D:6      | Reached XP level 8. HP: 73/73 MP: 7/7
  4740 | D:5      | Killed Eustachio
  5103 | D:5      | Reached ** piety under Sif Muna
  5174 | D:5      | Reached XP level 9. HP: 82/82 MP: 8/8
  5176 | D:5      | Learned a level 1 spell: Necrotise
  5702 | D:7      | Reached skill level 1 in Necromancy
  5763 | D:7      | Identified the +7 whip "Keezaof" {vorpal, *Slow rCorr
                  | Str+5}
  6602 | D:8      | Reached skill level 5 in Armour
  6771 | D:8      | Found Tuomig's Weapon Shoppe.
  6924 | D:8      | Reached skill level 10 in Fighting
  6943 | D:8      | Reached *** piety under Sif Muna
  6944 | D:8      | Reached XP level 10. HP: 47/93 MP: 9/9
  7517 | D:9      | Noticed a boulder beetle
  7691 | D:9      | Reached XP level 11. HP: 101/101 MP: 10/10
  7694 | D:10     | Entered Level 10 of the Dungeon
  7694 | D:10     | Found a glowing golden altar of the Shining One.
  7694 | D:10     | Found a stormy altar of Qazlal.
  7694 | D:10     | Found a hazy altar of Hepliaklqana.
  7721 | D:10     | Found a bloodstained altar of Trog.
  7768 | D:10     | HP: 7/151 [gargoyle/+0 morningstar (9)]
  8542 | D:10     | Found a broken altar of Ashenzari.
  8548 | D:10     | Found a shadowy altar of Dithmenos.
  9074 | D:11     | Noticed a two-headed ogre
  9085 | D:11     | Killed a two-headed ogre
  9154 | D:11     | Found a staircase to the Lair.
  9370 | D:11     | Noticed a boulder beetle
  9381 | D:11     | Killed a boulder beetle
  9893 | D:9      | Killed a boulder beetle
 10005 | D:9      | Reached skill level 5 in Necromancy
 10201 | D:9      | Identified the +2 dagger of Big Damage {pain, Str+4 Int-2
                  | Dex+2}
 10525 | Lair:1   | Entered Level 1 of the Lair of Beasts
 10672 | Lair:1   | Reached XP level 12. HP: 112/112 MP: 11/11
 11066 | Lair:2   | Reached **** piety under Sif Muna
 11244 | Lair:2   | Noticed Sonja
 11259 | Lair:2   | Killed Sonja
 11261 | Lair:2   | Noticed a four-headed hydra
 11270 | Lair:2   | Killed a one-headed hydra
 11271 | Lair:2   | Reached skill level 10 in Armour
 12184 | Lair:3   | Found a runed translucent gate.
 12184 | Lair:3   | Found a runed translucent gate.
 12184 | Lair:3   | Found a runed translucent gate.
 12187 | Lair:3   | Noticed a minotaur
 12425 | Lair:3   | Noticed Qaoshrut's ghost (journeyman DEEE)
 12705 | Lair:3   | Found a staircase to the Shoals.
 12773 | Lair:3   | Found a hole to the Spider Nest.
 12985 | Lair:3   | Identified the +1 ring mail of Vexation {rC- Dex+5 SInv
                  | Stlth+}
 13854 | Lair:4   | Found a staircase to the Slime Pits.
 14426 | Lair:5   | Entered Level 5 of the Lair of Beasts
 14426 | Lair:5   | Noticed a death yak
 14427 | Lair:5   | Noticed a death yak
 14427 | Lair:5   | Noticed a death yak
 14785 | D:12     | Noticed a two-headed ogre
 14792 | D:12     | Killed a two-headed ogre
 14793 | D:12     | Reached XP level 13. HP: 112/123 MP: 12/12
 14911 | D:12     | Reached skill level 1 in Spellcasting
 15116 | D:13     | Found a portal to a secret trove of treasure.
 15185 | D:13     | Found a transporter.
 15192 | D:13     | Found a transporter.
 15195 | D:13     | Found an ornate altar of the Wu Jian Council.
 15211 | D:13     | Found a gate leading to a gauntlet.
 15220 | Gauntlet | Entered a Gauntlet
 15220 | Gauntlet | Found a transporter.
 15231 | Gauntlet | Found a transporter.
 15246 | Gauntlet | Found a transporter.
 15251 | Gauntlet | Found a transporter.
 15268 | Gauntlet | Found a transporter.
 15286 | Gauntlet | Found a transporter.
 15298 | Gauntlet | Found a transporter.
 15310 | Gauntlet | Found a transporter.
 15313 | Gauntlet | Noticed a dire elephant
 15322 | Gauntlet | Found a transporter.
 15334 | Gauntlet | Found a transporter.
 15351 | Gauntlet | Found a transporter.
 15369 | Gauntlet | Found a transporter.
 15371 | Gauntlet | Found a transporter.
 15396 | Gauntlet | Found a transporter.
 15398 | Gauntlet | Found a transporter.
 15418 | Gauntlet | Found a transporter.
 15496 | Gauntlet | Found a transporter.
 15516 | Gauntlet | Found a transporter.
 15785 | Gauntlet | Killed a dire elephant
 15809 | Gauntlet | Identified the +1 pair of gloves of the Morning Star
                  | {Rampage Will- Regen+ SInv}
 16007 | Gauntlet | Identified the +9 lajatang "Posol" {drain, Will- rCorr
                  | Int+2 Stlth+}
 16007 | Gauntlet | Noticed a minotaur
 16019 | Gauntlet | Killed a minotaur
 16047 | Gauntlet | Identified the ring of Ehaf {rC+ rCorr SInv}
 16060 | D:13     | Reached ***** piety under Sif Muna
 16254 | D:13     | Found a transporter.
 16400 | D:13     | Found Kimunno's Magic Scroll Boutique.
 16441 | D:13     | Bought a scroll of acquirement for 676 gold pieces
 16489 | D:13     | Found a transporter.
 16728 | D:13     | Received a gift from Sif Muna
 16729 | D:13     | Got Sif Muna's Folio of Geology and Accompaniment {god
                  | gift}
 17039 | D:13     | Reached skill level 15 in Fighting
 17163 | D:13     | Found a gate to the Vaults.
 17400 | D:13     | Found a shimmering blue altar of Sif Muna.
 17487 | D:13     | Noticed a vault warden
 17489 | D:13     | Found an ornate altar of the Wu Jian Council.
 17840 | D:13     | Killed a vault warden
 17910 | D:13     | Bought a scroll of acquirement for 676 gold pieces
 17975 | D:13     | You paid a toll of 2 scrolls of acquirement to enter a
                  | treasure trove
 17976 | Trove    | Entered a treasure trove
 17994 | Trove    | Identified the ring of Oluhoo {rC++ rCorr Str+4 Int-4}
 17996 | Trove    | Identified the amulet "Nuilall" {rC+ Regen+ Str+3}
 17998 | Trove    | Identified the ring of Cosuicapt {Wiz rElec rF- rC+ Will+
                  | SInv}
 18000 | Trove    | Identified the ring "Ciefog" {rElec rN+ Str+3 Dex-5}
 18361 | D:12     | Reached XP level 14. HP: 96/135 MP: 19/19
 18637 | D:12     | Found a staircase to the Orcish Mines.
 19309 | Lair:5   | Reached skill level 5 in Spellcasting
 19364 | Lair:5   | Identified the +7 mace of Nefaegoc {protect, Fragile rElec
                  | rC++ Int+3}
 19559 | Lair:5   | Received a gift from Sif Muna
 19562 | Lair:5   | Got Sif Muna's Guide on the Winter and the Tesseract {god
                  | gift}
 19636 | Lair:5   | Identified the +8 falchion "Giniusetuf" {freeze, rElec
                  | Dex+2 Stlth+}
 19850 | Lair:5   | Identified the -1 cloak "Gimuar" {+Blink}
 20122 | Orc:1    | Entered Level 1 of the Orcish Mines
 20127 | Orc:1    | Noticed Urug
 20143 | Orc:1    | Killed Urug
 20702 | Orc:2    | Entered Level 2 of the Orcish Mines
 20795 | Orc:2    | Noticed Erolcha
 20843 | Orc:2    | Killed Erolcha
 20868 | Orc:2    | Found Luz Xoil's CLEARANCE SALE!.
 20880 | Orc:2    | Bought a scroll of blinking for 22 gold pieces
 20880 | Orc:2    | Bought a scroll of teleportation for 9 gold pieces
 21006 | Orc:2    | Found a staircase to the Elven Halls.
 21050 | Orc:2    | Reached skill level 15 in Armour
 21528 | Orc:2    | Found Plog's Book Boutique.
 21528 | Orc:2    | Found Cuohumiv's General Store.
 21530 | Orc:2    | Found Pusyipea's General Store.
 21532 | Orc:2    | Found Asarek's Weapon Shop.
 21543 | Orc:2    | Bought a scroll of acquirement for 832 gold pieces
 21543 | Orc:2    | Acquired a +1 pair of gloves of strength
 22173 | D:14     | Noticed Nessos
 22191 | D:14     | Killed Nessos
 22309 | D:14     | Learned a level 2 spell: Blink
 22646 | D:13     | Got Sif Muna's Almanac of the Chill
 22648 | D:13     | Got Sif Muna's Incunabulum of Malediction
 22651 | D:13     | Got Sif Muna's Parchment of the Swarm
 22707 | D:14     | Reached skill level 15 in Axes
 22790 | D:14     | Received a gift from Sif Muna
 22791 | D:14     | Reached XP level 15. HP: 147/147 MP: 23/23
 22793 | D:14     | Got Sif Muna's Verses on Battle Magic and the Boulder {god
                  | gift}
 22811 | D:14     | Identified the +2 robe "Ohyetuzu" {rPois rC+ Will+ Stlth-}
 22815 | D:14     | Found Anuish's Armour Emporium.
 22866 | D:14     | Found Xelubryo's Antique Armour Shop.
 23202 | D:14     | Found Cyqypous's Armour Boutique.
 23315 | D:14     | Found Yraxilun's Jewellery Shop.
 23383 | D:14     | Found Sysanaon's Assorted Antiques.
 23935 | D:15     | Entered Level 15 of the Dungeon
 24134 | D:15     | Found a staircase to the Depths.
 24464 | D:15     | Reached skill level 1 in Invocations
 24520 | D:15     | Paralysed by an ogre mage for 5 turns
 25229 | Elf:1    | Entered Level 1 of the Elven Halls
 25260 | Orc:2    | Learned a level 3 spell: Mephitic Cloud
 25264 | Orc:2    | Learned a level 3 spell: Ignite Poison
 25487 | Shoals:1 | Entered Level 1 of the Shoals
 25701 | Shoals:1 | Reached skill level 1 in Air Magic
 25703 | Shoals:1 | Reached skill level 1 in Fire Magic
 25703 | Shoals:1 | Reached skill level 1 in Poison Magic
 25745 | Shoals:1 | Reached XP level 16. HP: 127/156 MP: 24/24
 25830 | Shoals:1 | Received a gift from Sif Muna
 25833 | Shoals:1 | Got Daikhlife's Codex of the Transmuted Sky {god gift}
 26884 | Shoals:2 | Found a runed translucent gate.
 26884 | Shoals:2 | Found a runed translucent gate.
 26885 | Shoals:2 | Found a runed translucent gate.
 27057 | Shoals:2 | Noticed Ilsuiw
 27057 | Shoals:2 | You are sucked into a shaft and drop 1 floor!
 27313 | Shoals:4 | Entered Level 4 of the Shoals
 27564 | Shoals:3 | Identified the ring "Ciorr" {*Corrode Will+ Dex+4 Slay+2}
 27873 | Shoals:3 | Reached ****** piety under Sif Muna
 27883 | Shoals:3 | Received a gift from Sif Muna
 27886 | Shoals:3 | Got Sif Muna's Parchment of Confrontation {god gift}
 28239 | Spider:1 | Entered Level 1 of the Spider Nest
 28943 | Spider:1 | Reached skill level 5 in Poison Magic
 29090 | Spider:1 | Reached skill level 1 in Conjurations
 29175 | Spider:1 | Reached XP level 17. HP: 163/163 MP: 26/26
 29408 | Spider:2 | Received a gift from Sif Muna
 29420 | Spider:2 | Got Sif Muna's Quarto of the Ghoulish Wayfarer {god gift}
 30492 | Spider:3 | Noticed Arachne
 30507 | Spider:3 | Gained mutation: You occasionally lose the ability to drink
                  | potions when taking damage. [potion of mutation]
 30507 | Spider:3 | Gained mutation: You have hidden genetic potential. [potion
                  | of mutation]
 30520 | Spider:3 | Killed Arachne
 30663 | Spider:3 | Noticed Bai Suzhen
 30959 | Spider:3 | Received a gift from Sif Muna
 30967 | Spider:3 | Got Buoquu's Handbook of the Throng and the Volcanoes {god
                  | gift}
 32166 | Spider:4 | Entered Level 4 of the Spider Nest
 32244 | Spider:3 | Lost mutation: You have hidden genetic potential.
                  | [mutagenic glow]
 32247 | Spider:3 | Lost mutation: You occasionally lose the ability to drink
                  | potions when taking damage. [potion of mutation]
 32247 | Spider:3 | Gained mutation: Your muscles are strong. (Str +4, Int/Dex
                  | -1) [potion of mutation]
 32247 | Spider:3 | Gained mutation: You are strong-willed. (Will+) [potion of
                  | mutation]
 32247 | Spider:3 | Gained mutation: You are covered in fur. (AC +1) [potion of
                  | mutation]
 32416 | Spider:4 | Noticed Kirke
 32713 | Spider:4 | Killed Kirke
 33356 | Spider:4 | Received a gift from Sif Muna
 33359 | Spider:4 | Got Sif Muna's Secrets of the Vile Birds {god gift}
 33654 | Spider:4 | Reached XP level 18. HP: 140/174 MP: 1/29
 33896 | Spider:4 | Got a gossamer rune of Zot
 34313 | Shoals:2 | Reached skill level 5 in Conjurations
 34903 | Shoals:4 | Paralysed by an air elemental for 1 turns
 34908 | Shoals:4 | Paralysed by an air elemental for 1 turns
 34912 | Shoals:3 | Paralysed by an air elemental for 1 turns
 35174 | Shoals:4 | Paralysed by an air elemental for 1 turns
 35503 | Shoals:4 | Paralysed by an air elemental for 1 turns
 35505 | Shoals:4 | Paralysed by an air elemental for 1 turns
 35509 | Shoals:4 | Paralysed by an air elemental for 1 turns
 35531 | Shoals:4 | Paralysed by an air elemental for 1 turns
 35697 | Shoals:4 | Received a gift from Sif Muna
 35701 | Shoals:4 | Got Gobrad's Almanac of the Barrage {god gift}
 35796 | Shoals:4 | Reached skill level 1 in Dodging
 36009 | Shoals:4 | Got a barnacled rune of Zot
 36015 | Shoals:4 | Got Axtoehor's Verses on the Poisonous Caves
 36090 | Shoals:4 | Paralysed by an air elemental for 1 turns
 36097 | Shoals:4 | Paralysed by an air elemental for 1 turns
 36361 | Shoals:4 | Noticed Polyphemus
 36894 | Shoals:4 | Identified the +1 helmet of the Bells {Regen+ MP+9 Str+3
                  | Dex+4}
 36955 | Shoals:4 | Killed Polyphemus
 37123 | Shoals:2 | Killed Ilsuiw
 37588 | Shoals:2 | Received a gift from Sif Muna
 37610 | Shoals:2 | Got Sif Muna's Octavo of the Jaunt
 37613 | Shoals:2 | Identified the ring of Fifyvum {Fly rF+ MP+9 Str-3 Int+8}
 37641 | Shoals:2 | Got Ekhlat's Precepts of Unholy Displacement {god gift}
 37865 | Vaults:1 | Entered Level 1 of the Vaults
 38132 | Vaults:1 | Reached skill level 5 in Dodging
 38132 | Vaults:1 | Reached skill level 1 in Translocations
 38338 | Vaults:1 | Reached XP level 19. HP: 184/185 MP: 31/31
 38613 | Vaults:1 | Noticed Donald
 38922 | Vaults:1 | HP: 6/185 [titanic slime creature (80)]
 39105 | Vaults:1 | Killed Donald
 39293 | Vaults:1 | Received a gift from Sif Muna
 39788 | Vaults:2 | Reached skill level 10 in Shields
 39800 | Vaults:2 | Found a flickering gateway to a bazaar.
 39850 | Vaults:2 | Found a magical portal.
 39855 | WizLab   | Entered Alistair's Party Mansion
 40617 | Bazaar   | Entered a bazaar
 40617 | Bazaar   | Found Yqachoit's Magic Scroll Shoppe.
 40617 | Bazaar   | Found Izagunai's Antique Weapon Shoppe.
 40617 | Bazaar   | Found Wosa's Book Shop.
 40619 | Bazaar   | Found Hazuig's Weapon Shop.
 40619 | Bazaar   | Found Fotheet's Armour Emporium.
 40655 | Bazaar   | Bought a scroll of enchant armour for 135 gold pieces
 40655 | Bazaar   | Bought a scroll of fear for 72 gold pieces
 40655 | Bazaar   | Bought a scroll of magic mapping for 135 gold pieces
 40655 | Bazaar   | Bought a scroll of teleportation for 54 gold pieces
 40669 | Bazaar   | Bought the Unrestrained Analects for 704 gold pieces
 40814 | Vaults:2 | Received a gift from Sif Muna
 40872 | Vaults:2 | Got Aditoes's Handbook of Shapes and the Summer {god gift}
 41580 | Vaults:3 | Acquired 882 gold pieces
 41649 | Vaults:3 | Reached skill level 15 in Shields
 41912 | Vaults:3 | Reached XP level 20. HP: 144/195 MP: 32/32
 42092 | Vaults:3 | Received a gift from Sif Muna
 42125 | Vaults:3 | Found a flickering gateway to a bazaar.
 42340 | Vaults:3 | Reached skill level 10 in Spellcasting
 42430 | Vaults:3 | Found a staircase to the Crypt.
 42608 | Bazaar   | Entered a bazaar
 42608 | Bazaar   | Found Zourchon's Magic Scroll Emporium.
 42608 | Bazaar   | Found Zuxed's Antique Weapon Emporium.
 42609 | Bazaar   | Found Onaviula's Assorted Antiques.
 42609 | Bazaar   | Found Uzoppuc's Book Shoppe.
 42628 | Bazaar   | Bought a book of Touch for 286 gold pieces
 42634 | Bazaar   | Bought a pitted bardiche for 294 gold pieces
 42634 | Bazaar   | Identified the +11 bardiche of Devotion {speed, Stlth+}
                  | (You bought it in a shop in a bazaar)
 42638 | Bazaar   | Bought a scroll of teleportation for 30 gold pieces
 42638 | Bazaar   | Bought a scroll of teleportation for 30 gold pieces
 42638 | Bazaar   | Bought a scroll of summoning for 95 gold pieces
 42638 | Bazaar   | Bought a scroll of teleportation for 30 gold pieces
 43220 | Vaults:4 | Noticed Aizul
 43506 | Vaults:4 | Received a gift from Sif Muna
 43602 | Vaults:3 | Killed Aizul
 44490 | Vaults:4 | Received a gift from Sif Muna
 44985 | Depths:1 | Entered Level 1 of the Depths
 45036 | Depths:1 | Found a white marble altar of Elyvilon.
 45043 | Depths:1 | You are sucked into a shaft and drop 1 floor!
 45043 | Depths:2 | Found Big Baal Hell's Store.
 45043 | Depths:2 | Found a gateway to Hell.
 45059 | Depths:2 | Found Guad's Jewellery Shoppe.
 45415 | Depths:1 | Found a broken altar of Ashenzari.
 45436 | Depths:1 | Reached XP level 21. HP: 207/207 MP: 35/35
 45446 | Depths:1 | Found Zeckin's Distillery.
 45446 | Depths:1 | Found Kilill Ruyn's Antique Armour Boutique.
 45457 | Depths:1 | Bought a potion of brilliance for 80 gold pieces
 45457 | Depths:1 | Bought a potion of brilliance for 80 gold pieces
 45457 | Depths:1 | Bought a potion of curing for 60 gold pieces
 45463 | Depths:1 | Bought a bloodstained chain mail for 266 gold pieces
 45463 | Depths:1 | Identified the +5 chain mail of the Soldier {rF+ Will+
                  | Int+5 Dex+3} (You bought it in a shop on level 1 of the
                  | Depths)
 45463 | Depths:1 | Bought a bloodstained ring mail for 252 gold pieces
 45463 | Depths:1 | Identified the +2 ring mail "Meleptos" {Slay+6} (You bought
                  | it in a shop on level 1 of the Depths)
 45470 | Depths:1 | Bought a potion of invisibility for 160 gold pieces
 45993 | Depths:1 | Found a runed translucent gate.
 45993 | Depths:1 | Found a runed translucent gate.
 45993 | Depths:1 | Found a runed translucent gate.
 45997 | Depths:1 | Noticed Meurheor's ghost (adept TrMo)
 46050 | Depths:1 | Killed Meurheor's ghost
 46072 | Depths:1 | Identified the +3 broad axe of Esenn {venom, rElec}
 46535 | Depths:2 | Received a gift from Sif Muna
 46567 | Depths:2 | Got Sif Muna's Papyrus of Gusty Mustering {god gift}
 46999 | Depths:2 | Found a one-way gate leading to the halls of Pandemonium.
 47518 | Depths:2 | Found a one-way gate to the infinite horrors of the Abyss.
 48056 | Depths:3 | Paralysed by a floating eye for 4 turns
 48377 | Depths:3 | Found the ring of the Octopus King
 48381 | Depths:3 | Identified a ring of the Octopus King {rF+ HP+2 AC+2 EV+2
                  | SH+2}
 48704 | Depths:3 | Found a glowing golden altar of the Shining One.
 48837 | Depths:3 | Found Dosche Pimm's Jewellery Shop.
 48837 | Depths:3 | Found Aracwalo's Book Shoppe.
 48838 | Depths:3 | Found Noazexas's Jewellery Shop.
 48923 | Depths:3 | Received a gift from Sif Muna
 48964 | Depths:4 | Entered Level 4 of the Depths
 49203 | Depths:4 | Found a one-way gateway to a ziggurat.
 49358 | Depths:4 | Reached XP level 22. HP: 208/217 MP: 36/36
 49393 | Depths:4 | Noticed a caustic shrike
 49394 | Depths:4 | Noticed a caustic shrike
 49394 | Depths:4 | Noticed a caustic shrike
 49404 | Depths:4 | Noticed a caustic shrike
 49405 | Depths:4 | Killed a caustic shrike
 49405 | Depths:4 | Killed a caustic shrike
 49410 | Depths:4 | Killed a caustic shrike
 49420 | Depths:4 | Killed a caustic shrike
 50196 | Depths:4 | Found a gate to the Realm of Zot.
 50791 | Elf:1    | Received a gift from Sif Muna
 50934 | Elf:1    | You fall into a shaft and drop 1 floor!
 51105 | Elf:2    | Found a huge runed translucent gate.
 51105 | Elf:2    | Found a huge runed translucent gate.
 51106 | Elf:2    | Found a huge runed translucent gate.
 51107 | Elf:2    | Found a huge runed translucent gate.
 51108 | Elf:2    | Found a huge runed translucent gate.
 51509 | Elf:2    | Paralysed by an air elemental for 1 turns
 51521 | Elf:2    | Paralysed by an air elemental for 1 turns
 51812 | Elf:2    | Received a gift from Sif Muna
 51908 | Elf:2    | Got Sif Muna's Omnibus of Beguiling {god gift}
 51945 | Elf:2    | Found Inguvod's Antique Weapon Boutique.
 52122 | Elf:2    | Identified the +0 helmet of Truth {+Inv rF+ Str+2 Dex-3}
 52325 | Elf:3    | Entered Level 3 of the Elven Halls
 52325 | Elf:3    | Found Ubeyttul's Book Boutique.
 52362 | Elf:3    | Bought a book of Misfortune for 396 gold pieces
 52367 | Elf:3    | Found Xodysef's Armour Emporium.
 52382 | Elf:3    | Found Sipogesm's Book Emporium.
 52567 | Elf:3    | Found a runed translucent gate.
 52568 | Elf:3    | Found a runed translucent gate.
 52569 | Elf:3    | Found a runed translucent gate.
 52570 | Elf:3    | Noticed jaiteiro's ghost (adept GnCj)
 52572 | Elf:3    | Found the +7 captain's cutlass {speed, disarm}
 52905 | Elf:3    | Identified the +4 broad axe "Kidiag Duna" {pain, rPois
                  | SInv}
 52905 | Elf:3    | Identified the +0 robe of the Nexus {rN+ Stlth+}
 52926 | Elf:3    | Reached skill level 27 in Armour
 53029 | Elf:3    | Identified the +11 quick blade of Zepluu {venom, rF+ Will-
                  | Int+3}
 53038 | Elf:3    | Received a gift from Sif Muna
 53091 | Elf:3    | Identified the +6 scale mail "Kudiwk" {Contam rF+++ Regen+
                  | Int+4}
 53157 | Elf:3    | Identified the +4 shortbow of Urgency {freeze, rF+ Will+
                  | Dex+2}
 53170 | Elf:3    | Identified the +0 pair of boots of Misanthropy {MP+9 Str+4
                  | Int+4}
 53717 | Elf:3    | Killed jaiteiro's ghost
 53718 | Elf:3    | Reached XP level 23. HP: 219/225 MP: 37/37
 53749 | Elf:3    | Identified the +1 cloak of the Arcane {rElec Slay+3}
 54102 | Abyss:2  | Cast into level 2 of the Abyss (+0 war axe of distortion)
 54217 | Abyss:2  | Paralysed by you for 3 turns
 54363 | Abyss:2  | Found a corrupted altar of Lugonu.
 54394 | Abyss:2  | Found a corrupted altar of Lugonu.
 54554 | Abyss:2  | Received a gift from Sif Muna
 54555 | Abyss:2  | Got Itwotytu's Incunabulum of the Blizzard {god gift}
 54622 | Abyss:2  | Found a sacrificial altar of Ru.
 54647 | Elf:1    | Escaped the Abyss
 55384 | Crypt:1  | Entered Level 1 of the Crypt
 56092 | Crypt:1  | Received a gift from Sif Muna
 56127 | Crypt:1  | Got Sif Muna's Vellum of Exhumation and Cold {god gift}
 56540 | Crypt:1  | Found an ancient bone altar of Kikubaaqudgha.
 56827 | Crypt:2  | Found a huge runed gate.
 56827 | Crypt:2  | Found a huge runed gate.
 56827 | Crypt:2  | Found a huge runed gate.
 56827 | Crypt:2  | Found a huge runed gate.
 56827 | Crypt:2  | Found a huge runed gate.
 56827 | Crypt:2  | Found a huge runed gate.
 56827 | Crypt:2  | Found a huge runed gate.
 56827 | Crypt:2  | Found a huge runed gate.
 56827 | Crypt:2  | Found a huge runed gate.
 56828 | Crypt:2  | Found a huge runed gate.
 56990 | Crypt:2  | Found a huge runed gate.
 56990 | Crypt:2  | Found a huge runed gate.
 56990 | Crypt:2  | Found a huge runed gate.
 56990 | Crypt:2  | Found a huge runed gate.
 56990 | Crypt:2  | Found a huge runed gate.
 56991 | Crypt:2  | Found a huge runed gate.
 56992 | Crypt:2  | Found a huge runed gate.
 56993 | Crypt:2  | Found a huge runed gate.
 56995 | Crypt:2  | Found a huge runed gate.
 57007 | Crypt:2  | Found a huge runed gate.
 57010 | Crypt:2  | Found a huge runed gate.
 57011 | Crypt:2  | Found a huge runed gate.
 57012 | Crypt:2  | Found a huge runed gate.
 57013 | Crypt:2  | Found a huge runed gate.
 57014 | Crypt:2  | Found a huge runed gate.
 57016 | Crypt:2  | Found a huge runed gate.
 57017 | Crypt:2  | Found a huge runed gate.
 57018 | Crypt:2  | Found a huge runed gate.
 57026 | Crypt:2  | Found a huge runed gate.
 57026 | Crypt:2  | Found a huge runed gate.
 57026 | Crypt:2  | Found a huge runed gate.
 57026 | Crypt:2  | Found a huge runed gate.
 57026 | Crypt:2  | Found a huge runed gate.
 57026 | Crypt:2  | Found a huge runed gate.
 57027 | Crypt:2  | Found a huge runed gate.
 57079 | Crypt:2  | Received a gift from Sif Muna
 57081 | Crypt:2  | Got Usuil's Writings on Summoned Conjuring {god gift}
 57089 | Crypt:2  | Identified the +11 dagger of Volla {elec, rElec rPois Will+
                  | rCorr}
 57666 | Crypt:3  | Entered Level 3 of the Crypt
 57977 | Crypt:3  | Reached skill level 27 in Fighting
 57986 | Crypt:3  | Reached XP level 24. HP: 228/249 MP: 37/37
 58081 | Crypt:3  | Found a staircase to the Tomb.
 58081 | Crypt:3  | Noticed a royal mummy
 58098 | Crypt:3  | Killed a royal mummy
 58477 | Crypt:3  | Found a basalt altar of Yredelemnul.
 58536 | Crypt:3  | Learned a level 4 spell: Dispel Undead
 58844 | Crypt:3  | Identified the +3 plate armour "Zeulegusch" {Harm Regen+
                  | Dex+7 Slay-5}
 58849 | Crypt:3  | Identified the ring of Xuna {rN+ Int+2 SInv}
 58849 | Crypt:3  | Identified the ring of Woll {rElec rN+ Will+ rCorr Slay+2}
 58928 | Crypt:3  | Reached XP level 25. HP: 257/257 MP: 38/38
 59709 | Crypt:3  | Identified the +7 battleaxe of Melee {vorpal, rPois rF+++
                  | Str-4 Int-5}
 59840 | Crypt:2  | Found a basalt altar of Yredelemnul.
 59953 | Crypt:2  | Noticed Arphir's ghost (veteran GrEE)
 59953 | Crypt:2  | Noticed Hali's ghost (veteran FoFi)
 59953 | Crypt:2  | Noticed Woadakig's ghost (veteran FoFi)
 59953 | Crypt:2  | Noticed rrossfarrar's ghost (veteran BaFi)
 59953 | Crypt:2  | Noticed Bunoc's ghost (veteran FoFi)
 59953 | Crypt:2  | Noticed Zoalos's ghost (veteran GrEE)
 59953 | Crypt:2  | Noticed a dread lich
 59955 | Crypt:2  | Noticed Osipn's ghost (veteran MiGl)
 59955 | Crypt:2  | Noticed Kucw's ghost (adept GrFi)
 60085 | Crypt:2  | Killed Hali's ghost
 60141 | Crypt:2  | Killed a dread lich
 60180 | Crypt:2  | Killed Kucw's ghost
 60313 | Crypt:1  | Killed Woadakig's ghost
 60510 | Crypt:2  | Killed Osipn's ghost
 60592 | Crypt:2  | Killed rrossfarrar's ghost
 60670 | Crypt:2  | Identified the ring of Distezuyl {*Slow rC+ Will+ rCorr}
 60694 | Crypt:2  | Reached skill level 10 in Necromancy
 60881 | Vaults:3 | Learned a level 2 spell: Passwall
 60952 | Vaults:5 | Entered Level 5 of the Vaults
 60952 | Vaults:5 | Noticed Boris
 60952 | Vaults:5 | Noticed Margery
 61005 | Vaults:5 | Identified the +8 short sword "Jidid" {venom, *Rage rC+
                  | Dex+4}
 61008 | Vaults:5 | Reached skill level 1 in Transmutations
 61008 | Vaults:5 | Reached skill level 1 in Earth Magic
 61603 | Vaults:5 | Got a silver rune of Zot
 62001 | Vaults:5 | Identified the +5 war axe "Daicedgh" {flame, +Blink SInv}
 62252 | Vaults:5 | Reached XP level 26. HP: 266/266 MP: 39/39
 62377 | Vaults:5 | Killed Boris
 62395 | Vaults:5 | Identified the +11 chain mail "Nat Jocw" {+Inv rPois rN++
                  | Slay-2}
 62404 | Vaults:5 | Noticed a dread lich
 62413 | Vaults:5 | Killed a dread lich
 62538 | Vaults:5 | Identified the ring "Zoagetye" {rF- Will+ Str+4 SInv}
 62655 | Vaults:5 | Killed Margery
 62772 | Vaults:5 | Identified the +11 flail "Killer Klown's Death" {speed, rF+
                  | rN+ Dex-3}
 62842 | Vaults:5 | Noticed a dread lich
 62848 | Vaults:5 | Killed a dread lich
 63139 | Vaults:5 | Identified the +1 robe "Esyox" {*Slow rPois rC+}
 63838 | Depths:2 | Voluntarily entered the Abyss.
 63838 | Abyss:2  | Found a corrupted altar of Lugonu.
 64100 | Abyss:4  | Reached skill level 10 in Conjurations
 64147 | Abyss:4  | Paralysed by a floating eye for 2 turns
 64265 | Abyss:4  | Got an abyssal rune of Zot
 64290 | Depths:2 | Escaped the Abyss
 64422 | Zot:1    | Entered Level 1 of the Realm of Zot
 65488 | Zot:4    | Reached skill level 15 in Spellcasting
 65654 | Zot:4    | Noticed an orb of fire
 67264 | Zot:1    | Reached XP level 27. HP: 271/273 MP: 41/41
 67532 | Zot:1    | Found the +4 dragonskin cloak
 67532 | Zot:1    | Noticed Tiamat
 68084 | Slime:1  | Entered Level 1 of the Pits of Slime
 68161 | Slime:2  | Gained mutation: You are clumsy. (Dex -2) [a shining eye]
 68163 | Slime:2  | Gained mutation: You occasionally shout uncontrollably at
                  | your foes. [a shining eye]
 68381 | Slime:1  | Learned a level 5 spell: Freezing Cloud
 68400 | Slime:3  | Reached skill level 5 in Air Magic
 68466 | Slime:5  | Entered Level 5 of the Pits of Slime
 68631 | Slime:5  | Noticed the Royal Jelly
 68961 | Slime:5  | Found a viscous altar of Jiyva.
 68967 | Slime:5  | Lost mutation: Your muscles are strong. (Str +4, Int/Dex
                  | -1) [potion of mutation]
 68967 | Slime:5  | Lost mutation: You occasionally shout uncontrollably at
                  | your foes. [potion of mutation]
 68967 | Slime:5  | Gained mutation: You are very clumsy. (Dex -4) [potion of
                  | mutation]
 68967 | Slime:5  | Gained mutation: You have hidden genetic potential. [potion
                  | of mutation]
 69184 | Slime:5  | Killed the Royal Jelly
 69206 | Slime:5  | Identified the ring "Kerun" {rF+ AC+4 Str+2 Int-4}
 69276 | Slime:5  | Identified the +5 chain mail of the True Pharaoh {Stlth+}
 69277 | Slime:5  | Identified the +1 chain mail of Odaic {Fly Int+2 Dex+4}
 69281 | Slime:5  | Got a slimy rune of Zot
 69300 | Slime:5  | Identified the +6 hand axe of Nifox {speed, rF+ rN+ Str+2}
 69323 | Slime:5  | Identified the +0 pair of gloves of the Vestibule of Hell
                  | {rF- Will+ Dex+3}
 69335 | Slime:5  | Identified the +10 great mace of the Unspeakable One
                  | {vorpal, +Blink rF++ Str-4 Stlth+}
 70073 | Zot:4    | Gained mutation: You are partially covered in iridescent
                  | scales. (AC +2) [an orb of fire]
 70085 | Zot:4    | Gained mutation: Your body sometimes deteriorates upon
                  | taking damage. [an orb of fire]
 70095 | Zot:4    | Killed an orb of fire
 70236 | Zot:5    | Entered Level 5 of the Realm of Zot
 70655 | Zot:5    | Noticed an ancient lich
 70668 | Zot:5    | Killed an ancient lich
 71140 | Zot:5    | Noticed an orb of fire
 71144 | Zot:5    | Gained mutation: Armour fits poorly on your strangely
                  | shaped body. [an orb of fire]
 71150 | Zot:5    | Gained mutation: You occasionally shout uncontrollably at
                  | your foes. [an orb of fire]
 71158 | Zot:5    | Killed an orb of fire
 71167 | Zot:5    | Lost mutation: You are strong-willed. (Will+) [potion of
                  | mutation]
 71167 | Zot:5    | Lost mutation: You are partially covered in iridescent
                  | scales. (AC +2) [potion of mutation]
 71168 | Zot:5    | Lost mutation: You occasionally shout uncontrollably at
                  | your foes. [potion of mutation]
 71168 | Zot:5    | Lost mutation: You are covered in fur. (AC +1) [potion of
                  | mutation]
 71168 | Zot:5    | Gained mutation: Your mind is acute. (Int +4, Str/Dex -1)
                  | [potion of mutation]
 71168 | Zot:5    | Gained mutation: You have a pair of large horns on your
                  | head. [potion of mutation]
 71893 | Zot:5    | Noticed an orb of fire
 71901 | Zot:5    | Lost mutation: You have hidden genetic potential. [an orb
                  | of fire]
 71904 | Zot:5    | Noticed an ancient lich
 71906 | Zot:5    | Reached skill level 10 in Dodging
 71935 | Zot:5    | Noticed an orb of fire
 71937 | Zot:5    | Gained mutation: You sometimes lose your temper in combat.
                  | [an orb of fire]
 71953 | Zot:5    | Killed an ancient lich
 71985 | Zot:5    | Slain by a Killer Klown

Illustrated notes

Levels and vault maps discovered:
D:1:      tarquinn_simple_flora_water_d, layout_basic, minmay_misc_feat_five,
          serial_bayou_pond_b
D:2:      layout_rooms, hellmonk_ecumenical_altar_blasted, serial_shops,
          nicolae_square_shop, minmay_vboxes
D:3:      layout_loops_ring, gammafunk_ghost_grave, nicolae_hexahallways,
          uniq_terence
D:4:      layout_loops_ring, minmay_temple_entry_ruins
D:5:      cheibrodos_fzero, layout_rooms, minmay_misc_feat_encased, uniq_edmund,
          uniq_eustachio
D:6:      layout_basic
D:7:      layout_basic, kennysheep_nondescript, serial_bayou_pond_d,
          st_stairs_14
D:8:      layout_rooms, serial_shops, nicolae_shop_bloodbath_and_beyond,
          amethyst_killhole
D:9:      corexii_shack_village, layout_irregular_city
D:10:     layout_cave_pools, mainiacjoe_overflow_big_doors,
          grunt_temple_overflow_open, minivault_16
D:11:     layout_basic, erik_lair_orcish_takeover
D:12:     layout_basic, orc_0_dummy, minivault_25_ag, grunt_decor_mini_mirrors
D:13:     dreamdust_wu_jian_sword_trials, layout_loops_ring,
          grunt_vaults_entry_tiered, nicolae_trove_entry_isolated,
          gauntlet_entry_generic, serial_shops, nicolae_shop_stone,
          minmay_misc_feat_rows, nicolae_sif_muna_little_library
D:14:     hangedman_screamer, layout_gridville, serial_shops,
          kennysheep_little_box, shop, shop, shop, nicolae_square_shop,
          serial_park_avenue1, kennysheep_small_spiral, uniq_nessos
D:15:     gammafunk_enter_depths_forms, layout_loops_corners
Temple:   nicolae_temple_elliptical
Lair:1:   layout_misc_corridors, st_stairs_13
Lair:2:   layout_cave_pods, serial_bayou, serial_bayou_pond_c,
          serial_bayou_pond_d, serial_bayou_crossing, serial_bayou_pond_b,
          serial_bayou_pond_b, uniq_sonja
Lair:3:   layout_chaotic_city, elwin_shoals_entry_rooms,
          hellmonk_spider_entry_not_the_bees, maelrawn_ghost_gauntlet_escape,
          serial_bayou_shore_a
Lair:4:   layout_roguey, slime_entry_1
Lair:5:   grunt_lair_end_beastmaster, layout_cave_pods, st_stairs_11,
          serial_bayou_shore_b
Shoals:1: cheibrodos_shoals_oceanic_diplomacy, layout_shoals
Shoals:2: layout_shoals, nicolae_shoals_beach_cooler, uniq_ilsuiw
Shoals:3: layout_shoals, nicolae_shoals_enchanted_isle
Shoals:4: shoals_end_hellmonk_storm_palace [storm_palace_center_square,
          storm_palace_corner_grid, storm_palace_corner_blocked,
          storm_palace_corner_grid, storm_palace_corner_grid], uniq_polyphemus
Spider:1: layout_cave_pods
Spider:2: layout_spider_delve
Spider:3: layout_chambers, nicolae_spider_not_touching_you, uniq_arachne,
          uniq_bai_suzhen
Spider:4: spider_rune_water, uniq_kirke
Slime:1:  cheibrodos_slime_lost_civilization_8, layout_caves
Slime:2:  layout_caves
Slime:3:  layout_caves
Slime:4:  layout_caves, nicolae_slime_phagocytosis
Slime:5
Orc:1:    dreamdust_under_siege, layout_diamond_mine, uniq_urug
Orc:2:    st_orc_rangers, layout_diamond_mine, nicolae_shop_clearance,
          uniq_erolcha
Elf:1:    minmay_elf_arrival_circle, layout_loops_cross,
          hangedman_corner_corridor
Elf:2:    elven_hall_of_blades_hangedman_alternative
          [nicolae_blade_entry_area_security], layout_gridlike, serial_shops,
          nicolae_stop_n_shop_1, serial_glass, glass_columns_c, glass_columns_c,
          minivault_27
Elf:3:    elf_hall, layout_geoelf_octagon, gammafunk_ghost_tricky_traps,
          serial_shops, nicolae_shop_hallway_stairs, st_stairs_14,
          minmay_shop_star
Vaults:1: ontoclasm_vaults_chip, vaults_standard_mumra_x,
          nicolae_vaults_network_star, nicolae_vaults_shelves_hall,
          hangedman_vaults_slice, nicolae_vaults_arrows,
          nicolae_vaults_mini_display_case, ontoclasm_vaults_gateway,
          grunt_vaults_hallway_short, layout_vaults_omnigrid, uniq_donald
Vaults:2: mu_enter_wizlab_2, v_misc_13, ontoclasm_vaults_claustrophobia,
          ontoclasm_vaults_shuriken, nicolae_vaults_shelves_hall, v_misc_33,
          vaults_room_pool, v_pattern_2, layout_vaults_maze_snakey,
          serial_shops, bzr_in_the_mist
Vaults:3: nicolae_vaults_statue_guard, vaults_room_fancy_cross,
          hangedman_vaults_stream, ontoclasm_vaults_idyll,
          grunt_vaults_trifunnel, vaults_room_grunt_arrival_ludios,
          nicolae_vaults_sealed_display, vaults_dpeg_diagonal, serial_ice_b,
          layout_vaults_omnibox, serial_shops, bzr_entry_safe
Vaults:4: v_misc_13, grunt_vaults_swirl, hangedman_vaults_maws, v_misc_23,
          v_misc_12, hangedman_vaults_corner, ontoclasm_vaults_idyll,
          vaults_standard_mumra_enter_the_diamond, nicolae_vaults_back_hallway,
          nicolae_vaults_little_squares_6, vaults_dpeg_hooks, vaults_dpeg_ring,
          layout_vaults_ring, uniq_aizul
Vaults:5: uniq_boris, uniq_margery
Crypt:1:  layout_chaotic_city, basic_altar, st_stairs_6
Crypt:2:  layout_regular_city, gammafunk_ghost_door_vault, grunt_megastairs_1,
          lemuel_upstairs_altar
Crypt:3:  evilmike_haunted_forest
Depths:1: layout_gridlike, hangedman_tar_grid_catacomb,
          gammafunk_ghost_necromancy, elyvilon_altar_4,
          cheibrodos_ashenzari_chains, grunt_megastairs_3, minmay_shoptagon
Depths:2: hellmonk_crumbling_castle, layout_cave_shapes, abyss_entry_crystal,
          nicolae_hell_entry_big_baal_hell, serial_shops, shop, fountainhead,
          pan_entry, chequers_hall_statues_corner_a
Depths:3: minmay_the_grid_four_pointed_star
          [minmay_the_grid_triangle_9x9_descending_squares,
          minmay_the_grid_triangle_9x9_corruption,
          minmay_the_grid_triangle_9x9_zippers_vertical,
          minmay_the_grid_triangle_9x9_sparse_checkered,
          minmay_the_grid_prize_diamond_cup], layout_gridville,
          grunt_metal_band, tso_altar, abyss_entry, kennysheep_big_empty_room,
          minmay_shop_grove
Depths:4: evilmike_zot_entry_round, layout_honeycomb, enter_ziggurat_f,
          pan_entry, hangedman_coc_ice_floe
Zot:1:    layout_basic, uniq_tiamat
Zot:2:    layout_gridlike, zot_minivault_5
Zot:3:    layout_gridlike
Zot:4:    layout_gridville, hangedman_elemental_grid_stream
Zot:5:    layout_basic

Skill      XL: |  1  2  3  4  5  6  7  8  9 10 11 12 13 14 15 16 17 18 19 20 21 22 23 24 25 26 27 |
---------------+----------------------------------------------------------------------------------+-----
Fighting       | 4 5 6 7 8 10 12 13 15 17 18 20 22 27 | 27.0
Shields        | 4 5 6 7 9 15 | 15.0
Axes           | 1 3 4 6 7 9 14 15 18 | 18.4
Armour         | 6 9 11 13 15 16 17 18 20 23 27 | 27.0
Necromancy     | 2 3 5 7 9 10 | 10.0
Spellcasting   | 4 6 8 9 11 12 13 15 16 | 16.3
Invocations    | 3 |  3.2
Air Magic      | 1 4 9 |  9.3
Fire Magic     | 1 4 |  4.9
Poison Magic   | 1 5 |  5.0
Conjurations   | 1 4 6 7 11 13 | 13.0
Dodging        | 5 6 10 | 10.6
Translocations | 1 2 |  2.4
Transmutations | 3 |  3.2
Earth Magic    | 3 |  3.2
Long Blades    | |  2.7

Action                   |  1- 3 |  4- 6 |  7- 9 | 10-12 | 13-15 | 16-18 | 19-21 | 22-24 | 25-27 || total
-------------------------+-------+-------+-------+-------+-------+-------+-------+-------+-------++-------
Melee: Long sword        |     9 |       |       |       |       |       |       |       |       ||     9
       Headbutt          |     7 |    13 |    51 |   115 |   368 |   389 |   522 |   352 |   613 ||  2430
       Hand axe          |    61 |   100 |   244 |   562 |  1230 |    25 |       |       |       ||  2222
       Broad axe         |       |       |       |       |   257 |  1783 |  1810 |  1612 |  1818 ||  7280
Throw: Dart              |       |    11 |     5 |     2 |     6 |     8 |     3 |       |       ||    35
       Throwing net      |       |       |       |       |       |       |     4 |     2 |     2 ||     8
 Cast: Ignite Poison     |       |       |       |       |       |     1 |       |       |     2 ||     3
       Mephitic Cloud    |       |       |       |       |       |       |     2 |       |     8 ||    10
       Blink             |       |       |       |       |       |       |       |       |     4 ||     4
       Dispel Undead     |       |       |       |       |       |       |       |       |    19 ||    19
       Passwall          |       |       |       |       |       |       |       |       |     1 ||     1
       Freezing Cloud    |       |       |       |       |       |       |       |       |     2 ||     2
Evoke: Wand              |       |       |     1 |    14 |    11 |    28 |    12 |    10 |     7 ||    83
       Condenser vane    |       |       |       |       |     4 |     5 |    10 |     6 |    11 ||    36
       Phantom mirror    |       |       |       |       |     1 |     2 |       |       |     2 ||     5
       Phial of floods   |       |       |       |       |     1 |       |     7 |       |     3 ||    11
       Piece from Xom's  |       |       |       |       |       |       |     6 |       |     1 ||     7
  Use: Potion            |     2 |     2 |       |     6 |    12 |    23 |    11 |     7 |    35 ||    98
       Scroll            |       |     5 |     8 |    14 |    11 |    18 |    24 |    14 |    23 ||   117
 Stab: Paralysed         |       |       |       |    10 |       |    11 |     4 |       |       ||    25
       Invisible         |       |       |       |       |     5 |     5 |       |    25 |     3 ||    38
       Petrified         |       |       |       |       |     2 |       |       |       |       ||     2
       Petrifying        |       |       |       |       |     1 |       |       |       |     1 ||     2
       Confused          |       |       |       |       |     2 |       |     6 |       |    12 ||    20
       Distracted        |       |       |       |       |       |       |     1 |       |       ||     1
       Held in net/web   |       |       |       |       |       |       |       |     2 |       ||     2
Armor: Scale mail        |    21 |       |       |       |       |       |       |       |   113 ||   134
       Ring mail         |     7 |     9 |       |       |       |       |       |       |       ||    16
       Crystal plate arm |       |    76 |   174 |   331 |   943 |  1678 |  1132 |   867 |   906 ||  6107
Dodge: Dodged            |    29 |    22 |    26 |    79 |   293 |   606 |   378 |   322 |   442 ||  2197
       Repelled          |       |       |       |     1 |     3 |    16 |     7 |     2 |       ||    29
Block: Buckler           |    17 |    26 |    76 |   160 |   485 |   590 |    22 |   255 |   219 ||  1850
       Kite shield       |       |       |       |       |       |       |  1159 |   577 |   732 ||  2468
